 Dungeon Crawl Stone Soup version 0.18-b1-2-gd0c887e (webtiles) character file.

1142 Alarkh the Spear-Bearer (level 8, 0/56 HPs)
             Began as a Mummy Skald on Apr 28, 2016.
             Slain by Blork the orc
             ... wielding a +0 halberd
              (13 damage)
             ... on level 4 of the Dungeon.
             The game lasted 00:07:38 (3616 turns).

Alarkh the Spear-Bearer (Mummy Skald)               Turns: 3616, Time: 00:07:38

Health: 0/56       AC:  7    Str: 15    XL:     8   Next: 15%
Magic:  3/11       EV: 12    Int: 13    God:
Gold:   157        SH:  0    Dex: 12    Spells: 4 memorised, 3 levels left

rFire  x . .     SeeInvis .     a - +2 spear (pierce)
rCold  + . .     Gourm    .     n - +0 leather armour
rNeg   + + +     Faith    .     (no shield)
rPois  ∞         Spirit   .     e - +2 hat
rElec  .         Dismiss  .     (no cloak)
rCorr  .         Reflect  .     d - +1 pair of gloves
SustAt .         Harm     .     (no boots)
MR     +....                    (no amulet)
Stlth  +.........               j - ring of wizardry
                                f - +1 ring of evasion

@: about to teleport, very slightly contaminated, somewhat resistant to hostile
enchantments, very unstealthy
A: no food or potions, fire vulnerability, cold resistance 1, negative energy
resistance 3, torment resistance, unbreathing
a: no special abilities


You were on level 4 of the Dungeon.
You were not hungry.

You visited 1 branch of the dungeon, and saw 5 of its levels.

You collected 157 gold pieces.

Inventory:

Hand Weapons
 a - a +2 spear of piercing (weapon)
Missiles
 m - 2 poisoned needles
Armour
 d - a +1 pair of gloves (worn)
 e - a +2 hat (worn)
 n - a +0 leather armour (worn)
Jewellery
 f - a +1 ring of evasion (left hand)
 j - a ring of wizardry (right hand)
Scrolls
 h - a scroll of fog {unknown}
 i - 2 scrolls of remove curse
 k - a scroll of noise {unknown}
 l - a scroll of identify
 p - a scroll of teleportation
Books
 c - a book of Battle

   Spells                             Type                      Level
   a - Infusion                       Charms                       1
   b - Shroud of Golubria             Charms/Translocation         2
   c - Song of Slaying                Charms                       2
   d - Spectral Weapon                Hexes/Charms                 3
   e - Regeneration                   Charms/Necromancy            3
Miscellaneous
 g - a plain deck of changes {drawn: 4}


   Skills:
 - Level 2.0 Fighting
 * Level 8.3 Polearms
 - Level 0.7 Armour
 - Level 0.7 Dodging
 - Level 2.0 Spellcasting
 - Level 2.4 Charms


You had 3 spell levels left.
You knew the following spells:

 Your Spells              Type           Power        Failure   Level  Hunger
a - Infusion              Chrm           #...         6%          1    N/A
b - Song of Slaying       Chrm           #.......     9%          2    N/A
c - Spectral Weapon       Hex/Chrm       #.......     32%         3    N/A
e - Shroud of Golubria    Chrm/Tloc      #.........   12%         2    N/A

Dungeon Overview and Level Annotations

Branches:
Dungeon (5/15)
 Temple: D:4-7

Altars:
Nemelex Xobeh
Pakellas
Sif Muna

Annotations:
D:4 Blork the orc


Innate Abilities, Weirdness & Mutations

You do not eat or drink.
Your flesh is vulnerable to fire.
You are immune to poison.
Your flesh is cold resistant.
You are immune to negative energy.
You are immune to unholy pain and torment.
You can survive without breathing.


Message History

Blork the orc hits you from afar with a halberd!
Read which item? (? for menu, Esc to quit)
As you read the scroll of teleportation, it crumbles to dust.
You feel strangely unstable. Blork the orc completely misses you.
Attack whom?
Press: ? - help, Dir - move target cursor, f/p - Blork the orc
Aim: Blork the orc, wielding a halberd and wearing a robe (moderately wounded)
You could not reach far enough!
Attack whom?
Press: ? - help, Dir - move target cursor, f/p - Blork the orc
Aim: Blork the orc, wielding a halberd and wearing a robe (moderately wounded)
You could not reach far enough!
Blork the orc hits you from afar with a halberd!
* * * LOW HITPOINT WARNING * * *
Attack whom?
Press: ? - help, Dir - move target cursor, f/p - Blork the orc
Aim: Blork the orc, wielding a halberd and wearing a robe (moderately wounded)
You could not reach far enough!
Blork the orc hits you from afar with a halberd!
You die...

............##
.............##
.........###o.##
........## ##..#
......# ##.##
....# ##.### ...
##o.# #(## #@#
###


You could see Blork the orc and a friendly spectral spear of piercing.

Vanquished Creatures
  The ghost of Shenda the Twirler, a novice DsGl (D:4)
  Grinder (D:2)
  Sigmund (D:4)
  The ghost of Rationalist the Skirmisher, an amateur DsBe of Trog (D:3)
  A scorpion (D:4)
  A hound (D:4)
  An orc priest (D:3)
  2 orc wizards (D:3)
  A centaur skeleton (D:4)
  Robin (D:4)
  7 gnolls (D:3)
  4 adders
  An ooze (D:2)
  2 worms
  2 dart slugs
  4 giant geckos
  5 orcs (D:3)
  A ball python (D:3)
  5 giant cockroaches
  6 goblins
  6 hobgoblins
  10 kobolds
  10 bats
  5 giant newts
  5 rats
84 creatures vanquished.

Vanquished Creatures (others)
  3 spectral weapons
3 creatures vanquished.

Grand Total: 87 creatures vanquished

Notes
Turn   | Place    | Note
--------------------------------------------------------------
     0 | D:1      | Alarkh the Mummy Skald began the quest for the Orb.
     0 | D:1      | Reached XP level 1. HP: 16/16 MP: 3/3
   165 | D:1      | Reached skill level 2 in Polearms
   255 | D:1      | Reached XP level 2. HP: 18/22 MP: 0/5
   721 | D:2      | Found a sparkling altar of Nemelex Xobeh.
   940 | D:2      | Reached XP level 3. HP: 24/27 MP: 2/6
   949 | D:2      | Reached skill level 3 in Polearms
  1029 | D:2      | Learned a level 2 spell: Song of Slaying
  1033 | D:2      | Learned a level 3 spell: Spectral Weapon
  1369 | D:3      | Noticed Rationalist's ghost (amateur DsBe)
  1516 | D:3      | Reached XP level 4. HP: 29/33 MP: 2/7
  1526 | D:3      | Noticed Grinder
  1537 | D:3      | Paralysed by Grinder for 4 turns
  1681 | D:4      | Reached skill level 4 in Polearms
  1689 | D:4      | Reached XP level 5. HP: 18/38 MP: 3/8
  1913 | D:4      | Noticed Robin
  1915 | D:4      | Noticed Blork the orc
  1941 | D:4      | Killed Robin
  2307 | D:3      | Paralysed by Grinder for 5 turns
  2315 | D:3      | Paralysed by Grinder for 5 turns
  2350 | D:2      | Paralysed by Grinder for 2 turns
  2374 | D:2      | Killed Grinder
  2374 | D:2      | Reached skill level 5 in Polearms
  2374 | D:2      | Reached XP level 6. HP: 24/44 MP: 2/9
  2378 | D:2      | Learned a level 2 spell: Shroud of Golubria
  2562 | D:3      | Reached skill level 6 in Polearms
  2567 | D:3      | Found a deep blue altar of Sif Muna.
  2630 | D:3      | Killed Rationalist's ghost
  2630 | D:3      | Reached XP level 7. HP: 25/50 MP: 0/10
  3157 | D:3      | Reached skill level 7 in Polearms
  3288 | D:3      | Found an oddly glowing altar of Pakellas.
  3443 | D:4      | Noticed Shenda's ghost (novice DsGl)
  3466 | D:4      | Killed Shenda's ghost
  3526 | D:4      | Noticed Sigmund
  3538 | D:4      | Killed Sigmund
  3538 | D:4      | Reached skill level 8 in Polearms
  3538 | D:4      | Reached XP level 8. HP: 34/56 MP: 3/11
  3588 | D:5      | Entered Level 5 of the Dungeon
  3616 | D:4      | Slain by Blork the orc

Skill      XL: |  1  2  3  4  5  6  7 |
---------------+----------------------+-----
Polearms       | 2 3 4 5 6 8 |  8.3
Fighting       | |  2.0
Armour         | |  0.7
Dodging        | |  0.7
Spellcasting   | |  2.0
Charms         | |  2.4

Action                   |  1- 3 |  4- 6 |  7- 9 || total
-------------------------+-------+-------+-------++-------
Melee: Spear             |   140 |    86 |   110 ||   336
 Fire: Blowgun           |       |       |     7 ||     7
 Cast: Infusion          |    12 |     5 |     5 ||    22
       Spectral Weapon   |     4 |    12 |    10 ||    26
       Shroud of Golubri |       |       |     4 ||     4
Evoke: Deck              |       |       |     4 ||     4
  Use: Scroll            |       |     2 |     2 ||     4
 Stab: Sleeping          |     2 |       |       ||     2
Armor: Leather armour    |    34 |    15 |    22 ||    71
Dodge: Dodged            |    76 |    28 |    45 ||   149
